 Dungeon Crawl Stone Soup version 0.31-a0-1074-g0b22e4e0f1 (webtiles) character file.

Game seed: 5844839670938663486

112 wildpjah the Slasher (level 4, -4/28 HPs)
             Began as a Tengu Cinder Acolyte on Dec 1, 2023.
             Was a High Priest of Ignis.
             Slain by Ijyb
             ... wielding a +2 dagger of flaming
              (5 damage)
             ... on level 3 of the Dungeon on Dec 3, 2023.
             The game lasted 00:04:55 (1638 turns).

wildpjah the Slasher (Tengu Cinder Acolyte)         Turns: 1638, Time: 00:04:55

Health: -4/28      AC:  5    Str: 14    XL:     4   Next: 95%
Magic:  6/6        EV: 10    Int: 15    God:    Ignis [*****.]
Gold:   109        SH:  0    Dex: 11    Spells: 5/5 levels left

rFire   + . .        a - -1 falchion (flame)
rCold   . . .        (no shield)
rNeg    . . .        f - +0 ring mail
rPois   .            (helmet restricted)
rElec   .            (no cloak)
rCorr   .            (no gloves)
SInv    .            (boots unavailable)
Will    .....        (no amulet)
Stlth   +            (no ring)
HPRegen 0.24/turn    (no ring)
MPRegen 0.10/turn

%: acrobat
@: no status effects
A: beak, talons 3, acrobatic
a: Renounce Religion, Fiery Armour, Foxfire Swarm, Rising Flame


You were on level 3 of the Dungeon.
You worshipped Ignis.
Ignis was extremely pleased with you.
You visited 1 branch of the dungeon, and saw 3 of its levels.

You collected 109 gold pieces.

Inventory:

Hand Weapons
 a - a -1 falchion of flaming (weapon)
Missiles
 h - 8 javelins
Armour
 b - a +0 robe
 e - a +0 leather armour
 f - a +0 ring mail (worn)
Jewellery
 p - a ring of wizardry
Scrolls
 d - 2 scrolls of identify {unknown}
 i - a scroll of torment {unknown}
 j - a scroll of fear {unknown}
 l - a scroll of revelation {unknown}
 n - a scroll of noise {unknown}
 o - a scroll of teleportation {unknown}
Potions
 c - a potion of curing {unknown}
 g - a potion of enlightenment {unknown}
 k - a potion of might {unknown}
 m - a potion of lignification {unknown}


   Skills:
 + Level 3.5 Fighting
 + Level 4.8 Long Blades
 * Level 1.3 Armour
 + Level 0.1 Dodging
 + Level 1.0 Spellcasting
 + Level 3.9 Fire Magic


You had 5 spell levels left.
You didn't know any spells.
Your spell library contained the following spells:

 Spells                   Type           Power      Damage    Failure   Level
 Scorch                   Fire           24%        2d6       16%         2


Dungeon Overview and Level Annotations

Branches:
Dungeon (3/15)

Altars:

Annotations:
D:3 Ijyb


Innate Abilities, Weirdness & Mutations

You have a beak for a mouth.
You have claws for feet.
You can magically evade attacks while moving or waiting.


Message History

You completely miss the kobold. You claw the kobold.
You kill the kobold!
No target in view!
No target in view!
You now have 109 gold pieces (gained 7).
Things that are here:
a +0 short sword; a kobold corpse
Things that are here:
a +0 short sword; a kobold corpse You see here 7 stones.
You see here 8 stones.
Done exploring.
Done exploring.
You see here 8 stones.
There is a stone staircase leading up here.
There is a stone staircase leading down here.
You climb downwards.
The kobold shouts!
There is a stone staircase leading up here.
The kobold throws a stone.
The stone closely misses you.
You hit the kobold. You burn the kobold. You claw the kobold.
You kill the kobold!
No target in view!
No target in view!
Ijyb the Twisted Goblin comes into view.
She is wielding a +2 dagger of flaming and carrying a wand of light.
Things that are here:
a +0 short sword; 4 stones; a kobold corpse You hit Ijyb.
You burn Ijyb.
Ijyb is moderately wounded.
Ijyb zaps a wand.
The bolt of light hits you!!
Ouch! That really hurt!
* * * LOW HITPOINT WARNING * * *
You hit Ijyb. You burn Ijyb. You claw Ijyb, but do no damage.
Ijyb is moderately wounded.
Ijyb zaps a wand.
The bolt of light hits you.
* * * LOW HITPOINT WARNING * * *
You hit Ijyb. You burn Ijyb. You claw Ijyb.
Ijyb is heavily wounded.
Ijyb hits you with a +2 dagger of flaming.
You die...

### ## ##.. ..##
..# ..... # #.#
#.#.##
#.##.##...... #
#........#...
#.#####.<......#
#.g@)...##.###.#
######### .# #


You could see Ijyb.

Vanquished Creatures
  Robin (D:2)
  3 adders (D:2)
  A dart slug (D:2)
  9 endoplasms
  2 giant cockroaches (D:1)
  13 goblins
  9 hobgoblins
  5 jackals
  2 quokkas
  7 ball pythons
  A bat (D:1)
  3 frilled lizards
  6 kobolds
  4 rats
66 creatures vanquished.

Notes
Turn   | Place    | Note
-------+----------+-------------------------------------------
     0 | D:1      | wildpjah the Tengu Cinder Acolyte began the quest for the
                  | Orb.
     0 | D:1      | Reached XP level 1. HP: 14/14 MP: 3/3
   127 | D:1      | Reached XP level 2. HP: 19/19 MP: 4/4
   373 | D:1      | Reached XP level 3. HP: 20/23 MP: 5/5
   713 | D:2      | Reached skill level 4 in Long Blades
   844 | D:2      | Found a faded altar of an unknown god.
   859 | D:2      | Reached XP level 4. HP: 27/28 MP: 6/6
  1329 | D:2      | Noticed Robin
  1335 | D:2      | Reached skill level 1 in Armour
  1342 | D:2      | Killed Robin
  1634 | D:3      | Noticed Ijyb
  1637 | D:3      | HP: 1/28 [Ijyb/bolt of light (6)]
  1638 | D:3      | Slain by Ijyb

Illustrated notes

Levels and vault maps discovered:
D:1:      spicycebolla_arrival_clurvy, layout_loops_ring, serial_bayou_pond_a
D:2:      layout_loops_cross, shapermc_ecumenical_altar_mp_urbaneastern,
          uniq_robin
D:3:      layout_loops_cross, uniq_ijyb, uniq_terence, uniq_sigmund

Skill      XL: |  1  2  3  4 |
---------------+-------------+-----
Long Blades    | 4 |  4.8
Armour         | 1 |  1.3
Fighting       | |  3.5
Dodging        | |  0.1
Spellcasting   | |  1.0
Fire Magic     | |  3.9

Action                     |  1- 3 |  4- 6 || total
---------------------------+-------+-------++-------
  Melee: Falchion          |    82 |    74 ||   156
         Peck              |    13 |     7 ||    20
         Kick              |    15 |    14 ||    29
         Punch             |       |     1 ||     1
 Armour: Ring mail         |    43 |    37 ||    80
         Leather armour    |     1 |       ||     1
  Dodge: Dodged            |    51 |    29 ||    80

Table legend: (Time is in decaauts)
 A = Elapsed time spent in this place.
 B = Non-inter-level travel time spent in this place.
 C = Inter-level travel time spent in this place.
 D = Time resting spent in this place.
 E = Time spent auto-exploring this place.
 F = Levels seen in this place.
 G = Mean time per level.
                   A        B        C        D        E       F      G
               +--------+--------+--------+--------+--------+-----+--------+
         Total |   1652 |   1590 |     62 |      0 |   1205 |   3 |  550.7 |
       Dungeon |   1652 |   1590 |     62 |      0 |   1205 |   3 |  550.7 |
               +--------+--------+--------+--------+--------+-----+--------+

Top non-repeatable levels by time:
     D:2: 975 daAuts
     D:1: 668 daAuts
     D:3: 8 daAuts
